[Event "Live Chess"]
[Site "Chess.com"]
[Date "2010.12.13"]
[Round "-"]
[White "hipposcottimus"]
[Black "Pablohere"]
[Result "1-0"]
[CurrentPosition "r1bk4/ppp1Q3/3p4/2b1P1B1/3p4/8/PPP2PPP/RN2K2R b KQ -"]
[Timezone "UTC"]
[ECO "C45"]
[ECOUrl "https://www.chess.com/openings/Scotch-Game-Scotch-Gambit-Dubois-Reti-Advance-Kingside-Variation"]
[UTCDate "2010.12.13"]
[UTCTime "07:44:08"]
[WhiteElo "1631"]
[BlackElo "1266"]
[TimeControl "60"]
[Termination "hipposcottimus won by checkmate"]
[StartTime "07:44:08"]
[EndDate "2010.12.13"]
[EndTime "07:45:09"]
[Link "https://www.chess.com/game/live/76803462"]

1. e4 e5 2. Nf3 Nc6 3. Bc4 Nf6 4. d4 exd4 5. e5 Ng4 6. Bf4 Bc5 7. Bxf7+ Kxf7 8. Ng5+ Kg6 9. Qxg4 d6 10. Ne6+ Kf7 11. Nxd8+ Ke7 12. Qxg7+ Kxd8 13. Qxh8+ Kd7 14. Qxh7+ Kd8 15. Qg8+ Kd7 16. Qf7+ Kd8 17. Bg5+ Ne7 18. Qxe7# 1-0

[Event "Live Chess"]
[Site "Chess.com"]
[Date "2010.12.13"]
[Round "-"]
[White "travisj2"]
[Black "hipposcottimus"]
[Result "1-0"]
[CurrentPosition "6k1/p5pp/5R2/8/8/1P2P1P1/P6P/6K1 b - -"]
[Timezone "UTC"]
[ECO "A00"]
[ECOUrl "https://www.chess.com/openings/Kings-Fianchetto-Opening-1...e5-2.Bg2-d5"]
[UTCDate "2010.12.13"]
[UTCTime "05:58:51"]
[WhiteElo "1547"]
[BlackElo "1629"]
[TimeControl "60"]
[Termination "travisj2 won on time"]
[StartTime "05:58:51"]
[EndDate "2010.12.13"]
[EndTime "06:01:01"]
[Link "https://www.chess.com/game/live/76783984"]

1. g3 e5 2. Bg2 d5 3. e3 e4 4. f4 f5 5. d3 Nf6 6. dxe4 fxe4 7. b3 Bg4 8. Ne2 Nc6 9. Qd2 Be7 10. O-O O-O 11. c3 Qd7 12. Nd4 Bh3 13. Bxh3 Qxh3 14. Nxc6 bxc6 15. c4 Ng4 16. cxd5 cxd5 17. Rf2 c6 18. Re2 Bc5 19. Bb2 Rab8 20. Bd4 Bb4 21. Qc2 Bc5 22. Bxc5 Rf7 23. Bd6 Re8 24. Qxc6 Rf6 25. Qxd5+ Rfe6 26. Nc3 Kf7 27. Nxe4 Kg6 28. Qg5+ Kf7 29. Qf5+ Kg8 30. Rd1 Rxe4 31. Be5 R4xe5 32. fxe5 Nxe5 33. Rf1 Qxf5 34. Rxf5 Ng4 35. Ref2 Nf6 36. R2f3 Rf8 37. Rxf6 Rxf6 38. Rxf6 1-0

[Event "Live Chess"]
[Site "Chess.com"]
[Date "2010.12.13"]
[Round "-"]
[White "hipposcottimus"]
[Black "travisj2"]
[Result "1-0"]
[CurrentPosition "5b2/pp6/2p2q2/5Q1k/6p1/8/PP4P1/5RK1 b - -"]
[Timezone "UTC"]
[ECO "B07"]
[ECOUrl "https://www.chess.com/openings/Pirc-Defense-2.d4-c6-3.c4"]
[UTCDate "2010.12.13"]
[UTCTime "05:56:31"]
[WhiteElo "1638"]
[BlackElo "1536"]
[TimeControl "60"]
[Termination "hipposcottimus won on time"]
[StartTime "05:56:31"]
[EndDate "2010.12.13"]
[EndTime "05:58:31"]
[Link "https://www.chess.com/game/live/76783545"]

1. e4 d6 2. d4 c6 3. c4 e6 4. Nf3 f6 5. Bd3 g6 6. e5 d5 7. exf6 Qxf6 8. Qe2 dxc4 9. Be3 cxd3 10. Qxd3 e5 11. Nc3 exd4 12. Bxd4 Qe6+ 13. Be3 Nf6 14. O-O Bd6 15. Rfe1 O-O 16. Bh6 Qf7 17. Bxf8 Bxf8 18. Nd4 Nbd7 19. Qh3 h5 20. Nf3 Nc5 21. Qg3 Ne6 22. Ng5 Nxg5 23. Qxg5 Bf5 24. Ne2 Ne4 25. Qf4 Re8 26. Ng3 Nxg3 27. Qxg3 Rxe1+ 28. Rxe1 Qf6 29. Qe3 Kg7 30. Qg3 g5 31. Rf1 Kg6 32. h4 g4 33. f3 Kh6 34. fxg4 hxg4 35. Qf4+ Kg6 36. h5+ Kxh5 37. Qxf5+ 1-0

[Event "Live Chess"]
[Site "Chess.com"]
[Date "2010.12.13"]
[Round "-"]
[White "travisj2"]
[Black "hipposcottimus"]
[Result "0-1"]
[CurrentPosition "8/ppp1R1pk/3r3p/8/1P6/1KP5/P7/4R3 w - -"]
[Timezone "UTC"]
[ECO "C20"]
[ECOUrl "https://www.chess.com/openings/Kings-Pawn-Opening-Leonardis-Variation"]
[UTCDate "2010.12.13"]
[UTCTime "05:53:57"]
[WhiteElo "1542"]
[BlackElo "1632"]
[TimeControl "60"]
[Termination "hipposcottimus won on time"]
[StartTime "05:53:57"]
[EndDate "2010.12.13"]
[EndTime "05:56:15"]
[Link "https://www.chess.com/game/live/76783041"]

1. e4 e5 2. d3 Nc6 3. Qf3 Nf6 4. h3 Nd4 5. Qd1 d5 6. c3 Nc6 7. Bg5 dxe4 8. Bxf6 Qxf6 9. dxe4 Bd6 10. f3 O-O 11. g3 Qe7 12. Bg2 f5 13. exf5 Bxf5 14. Qe2 Rae8 15. Nd2 Bc2 16. Rc1 Bg6 17. Rd1 Bc5 18. Ne4 Bxe4 19. Qxe4 Bb6 20. Ne2 Nd8 21. b4 Ne6 22. Nc1 Ng5 23. Qd3 e4 24. fxe4 Nxe4 25. Bxe4 Qxe4+ 26. Qxe4 Rxe4+ 27. Ne2 Rf3 28. Rf1 Rfe3 29. Rd2 Rxg3 30. Kd1 Rxh3 31. Nd4 Bxd4 32. Rxd4 h6 33. Rxe4 Kh7 34. Rfe1 Rd3+ 35. Kc2 Rd8 36. Kb3 Rd7 37. Re7 Rd6 0-1

[Event "Live Chess"]
[Site "Chess.com"]
[Date "2010.12.13"]
[Round "-"]
[White "dantime13"]
[Black "hipposcottimus"]
[Result "0-1"]
[CurrentPosition "3r2k1/ppp2ppp/8/2b1p3/2P5/1P3P2/P3BqPP/3RK3 w - -"]
[Timezone "UTC"]
[ECO "C20"]
[ECOUrl "https://www.chess.com/openings/Kings-Pawn-Opening...2.Qe2-Nc6-3.c3-Nf6-4.Nf3"]
[UTCDate "2010.12.13"]
[UTCTime "05:50:21"]
[WhiteElo "1597"]
[BlackElo "1626"]
[TimeControl "60"]
[Termination "hipposcottimus won by checkmate"]
[StartTime "05:50:21"]
[EndDate "2010.12.13"]
[EndTime "05:51:42"]
[Link "https://www.chess.com/game/live/76782311"]

1. e4 e5 2. Nf3 Nc6 3. c3 Nf6 4. Qe2 d5 5. exd5 Qxd5 6. c4 Qd6 7. b3 Bg4 8. Bb2 Bxf3 9. Qxf3 Be7 10. Nc3 O-O 11. Rd1 Nd4 12. Qe3 Nc2+ 13. Ke2 Nxe3 14. dxe3 Qb4 15. Ke1 Rad8 16. Rxd8 Rxd8 17. Be2 Ne4 18. f3 Nxc3 19. Bxc3 Qxc3+ 20. Kf2 Bc5 21. Rd1 Qxe3+ 22. Ke1 Qf2# 0-1

[Event "Live Chess"]
[Site "Chess.com"]
[Date "2010.12.13"]
[Round "-"]
[White "hipposcottimus"]
[Black "dantime13"]
[Result "1-0"]
[CurrentPosition "5Q2/p5kp/5Rpn/8/8/1P6/4r1PP/6K1 b - -"]
[Timezone "UTC"]
[ECO "B12"]
[ECOUrl "https://www.chess.com/openings/Caro-Kann-Defense-2.d4"]
[UTCDate "2010.12.13"]
[UTCTime "05:48:07"]
[WhiteElo "1618"]
[BlackElo "1605"]
[TimeControl "60"]
[Termination "hipposcottimus won by checkmate"]
[StartTime "05:48:07"]
[EndDate "2010.12.13"]
[EndTime "05:49:53"]
[Link "https://www.chess.com/game/live/76781912"]

1. e4 c6 2. d4 b5 3. d5 Bb7 4. d6 exd6 5. Nc3 b4 6. Nce2 c5 7. f3 g6 8. c3 Bg7 9. cxb4 cxb4 10. a3 bxa3 11. Rxa3 Bf8 12. Re3 Bh6 13. Rd3 Ba6 14. Bxh6 Nxh6 15. Rxd6 f6 16. Nd4 O-O 17. Ne6 Qe7 18. Nxf8 Qxf8 19. Bxa6 Nxa6 20. Rxa6 Rb8 21. b3 Re8 22. Ne2 f5 23. O-O fxe4 24. fxe4 Rxe4 25. Rxf8+ Kxf8 26. Qxd7 Rxe2 27. Rf6+ Kg8 28. Qd8+ Kg7 29. Qf8# 1-0

[Event "Live Chess"]
[Site "Chess.com"]
[Date "2010.12.13"]
[Round "-"]
[White "dantime13"]
[Black "hipposcottimus"]
[Result "1-0"]
[CurrentPosition "R3r1k1/1r3ppp/1N6/8/1Q6/4N3/1P1BBPPP/5RK1 w - -"]
[Timezone "UTC"]
[ECO "C44"]
[ECOUrl "https://www.chess.com/openings/Ponziani-Opening-3...d5"]
[UTCDate "2010.12.13"]
[UTCTime "05:46:19"]
[WhiteElo "1613"]
[BlackElo "1610"]
[TimeControl "60"]
[Termination "dantime13 won by resignation"]
[StartTime "05:46:19"]
[EndDate "2010.12.13"]
[EndTime "05:47:48"]
[Link "https://www.chess.com/game/live/76781575"]

1. e4 e5 2. Nf3 Nc6 3. c3 d5 4. exd5 Qxd5 5. c4 Qe6 6. d4 Nf6 7. d5 Nxd5 8. cxd5 Qf5 9. dxc6 e4 10. Qe2 Be7 11. Nd4 bxc6 12. Nxf5 e3 13. Nxe3 O-O 14. Qd2 Bb7 15. Be2 a5 16. O-O Bb4 17. Nc3 Rad8 18. Qc2 c5 19. a3 a4 20. axb4 cxb4 21. Nxa4 Rfe8 22. Qxc7 Re6 23. Qxb7 Re7 24. Qxb4 Rde8 25. Bd2 Ra8 26. Nb6 Rae8 27. Ra8 Rb7 1-0

[Event "Live Chess"]
[Site "Chess.com"]
[Date "2010.12.13"]
[Round "-"]
[White "hipposcottimus"]
[Black "dantime13"]
[Result "1-0"]
[CurrentPosition "r1bq1kr1/3pRQ1p/p2P2p1/1pp2p2/8/5N2/PPP2PPP/RN4K1 b - -"]
[Timezone "UTC"]
[ECO "B12"]
[ECOUrl "https://www.chess.com/openings/Caro-Kann-Defense-2.d4"]
[UTCDate "2010.12.13"]
[UTCTime "05:45:02"]
[WhiteElo "1618"]
[BlackElo "1605"]
[TimeControl "60"]
[Termination "hipposcottimus won by checkmate"]
[StartTime "05:45:02"]
[EndDate "2010.12.13"]
[EndTime "05:46:01"]
[Link "https://www.chess.com/game/live/76781292"]

1. e4 c6 2. d4 b5 3. d5 a6 4. d6 e6 5. e5 f6 6. Bf4 fxe5 7. Bxe5 Nh6 8. Nf3 Nf5 9. Bd3 c5 10. Bxf5 exf5 11. O-O g6 12. Re1 Nc6 13. Bf6+ Be7 14. Bxe7 Nxe7 15. Rxe7+ Kf8 16. Qd5 Rg8 17. Qf7# 1-0

[Event "Live Chess"]
[Site "Chess.com"]
[Date "2010.12.13"]
[Round "-"]
[White "dantime13"]
[Black "hipposcottimus"]
[Result "0-1"]
[CurrentPosition "5rk1/2p2pp1/1p4q1/1P5n/1NPp2p1/1N6/5QKP/2B1R3 w - -"]
[Timezone "UTC"]
[ECO "C44"]
[ECOUrl "https://www.chess.com/openings/Ponziani-Opening-Jaenisch-Counterattack-4.d4-Nxe4-5.d5-Ne7-6.Nxe5"]
[UTCDate "2010.12.13"]
[UTCTime "05:42:50"]
[WhiteElo "1613"]
[BlackElo "1610"]
[TimeControl "60"]
[Termination "hipposcottimus won on time"]
[StartTime "05:42:50"]
[EndDate "2010.12.13"]
[EndTime "05:44:49"]
[Link "https://www.chess.com/game/live/76780842"]

1. e4 e5 2. Nf3 Nc6 3. c3 Nf6 4. d4 Nxe4 5. d5 Ne7 6. Nxe5 d6 7. Nd3 Nf6 8. Be2 Nexd5 9. O-O Be6 10. Bf3 Be7 11. Bxd5 Bxd5 12. Re1 O-O 13. Nf4 Bc6 14. b4 Ne4 15. f3 Nf6 16. g4 d5 17. a4 b6 18. b5 Bb7 19. Nd2 a6 20. Nb3 axb5 21. axb5 Rxa1 22. Nxa1 Bc5+ 23. Kg2 d4 24. c4 h5 25. Nd3 Bd6 26. Nb3 Bxf3+ 27. Kxf3 hxg4+ 28. Kg2 Bb4 29. Nxb4 Qd6 30. Qd2 Nh5 31. Qf2 Qg6 0-1

[Event "Live Chess"]
[Site "Chess.com"]
[Date "2010.12.13"]
[Round "-"]
[White "dantime13"]
[Black "hipposcottimus"]
[Result "1-0"]
[CurrentPosition "4R1k1/5ppp/1p6/2p5/pNP5/4P3/PPK3PP/7R b - -"]
[Timezone "UTC"]
[ECO "C44"]
[ECOUrl "https://www.chess.com/openings/Ponziani-Opening-Jaenisch-Breyer-Opening-4...d5"]
[UTCDate "2010.12.13"]
[UTCTime "05:40:27"]
[WhiteElo "1613"]
[BlackElo "1610"]
[TimeControl "60"]
[Termination "dantime13 won by checkmate"]
[StartTime "05:40:27"]
[EndDate "2010.12.13"]
[EndTime "05:42:00"]
[Link "https://www.chess.com/game/live/76780410"]

1. e4 e5 2. Nf3 Nc6 3. c3 Nf6 4. d3 d5 5. exd5 Nxd5 6. c4 Bb4+ 7. Bd2 Nf4 8. Bxb4 Nxb4 9. Qd2 O-O 10. Qxb4 Qxd3 11. Bxd3 Nxd3+ 12. Kd2 Nxb4 13. Nc3 Nc6 14. Kc2 Bf5+ 15. Kb3 Rfe8 16. Rad1 e4 17. Ne1 Na5+ 18. Kb4 Nc6+ 19. Kb3 a5 20. Nd5 a4+ 21. Kc3 Rad8 22. Nc2 e3 23. fxe3 Bxc2 24. Kxc2 Nb4+ 25. Nxb4 c5 26. Rxd8 b6 27. Rxe8# 1-0

[Event "Live Chess"]
[Site "Chess.com"]
[Date "2010.12.13"]
[Round "-"]
[White "kublitz44"]
[Black "hipposcottimus"]
[Result "0-1"]
[CurrentPosition "8/8/2K3k1/1p1p1RP1/1PbP3b/4P3/8/8 w - -"]
[Timezone "UTC"]
[ECO "D02"]
[ECOUrl "https://www.chess.com/openings/Queens-Pawn-Opening-Zukertort-Variation-2...c6-3.Bg5"]
[UTCDate "2010.12.13"]
[UTCTime "05:37:52"]
[WhiteElo "1575"]
[BlackElo "1618"]
[TimeControl "60"]
[Termination "hipposcottimus won on time"]
[StartTime "05:37:52"]
[EndDate "2010.12.13"]
[EndTime "05:40:01"]
[Link "https://www.chess.com/game/live/76779907"]

1. d4 d5 2. Nf3 c6 3. Bg5 Nd7 4. e3 f6 5. Bh4 e6 6. Bd3 Ne7 7. O-O Nf5 8. Bg3 Nxg3 9. fxg3 Be7 10. c3 O-O 11. Qc2 f5 12. Ne5 Nf6 13. Nd2 Ng4 14. Nxg4 fxg4 15. Bxh7+ Kh8 16. Qg6 Rf6 17. Qxg4 e5 18. Rxf6 Bxg4 19. Rf2 Bh5 20. Nf3 g6 21. Bxg6 Bxg6 22. Nxe5 Bh7 23. Nf7+ Kg7 24. Nxd8 Rxd8 25. Raf1 Rf8 26. Rxf8 Bxf8 27. g4 Be7 28. h3 Bg5 29. Kf2 Bd3 30. Re1 Bc4 31. g3 Bxa2 32. b4 Bc4 33. h4 Bf6 34. Kf3 Bd8 35. Kf4 b6 36. g5 Bc7+ 37. Kf5 a5 38. Ke6 axb4 39. cxb4 b5 40. Kd7 Bb8 41. Kxc6 Bxg3 42. Rf1 Bxh4 43. Rf5 Kg6 0-1

[Event "Live Chess"]
[Site "Chess.com"]
[Date "2010.12.13"]
[Round "-"]
[White "MisterOtisBDriftwood"]
[Black "hipposcottimus"]
[Result "1-0"]
[CurrentPosition "5r2/p4pkp/8/8/N1p5/K5P1/P3r2P/8 b - -"]
[Timezone "UTC"]
[ECO "C23"]
[ECOUrl "https://www.chess.com/openings/Bishops-Opening-2...Nc6-3.d3-Nf6"]
[UTCDate "2010.12.13"]
[UTCTime "05:35:00"]
[WhiteElo "1521"]
[BlackElo "1611"]
[TimeControl "60"]
[Termination "MisterOtisBDriftwood won on time"]
[StartTime "05:35:00"]
[EndDate "2010.12.13"]
[EndTime "05:37:17"]
[Link "https://www.chess.com/game/live/76779366"]

1. e4 e5 2. Bc4 Nc6 3. d3 Nf6 4. Be3 d5 5. exd5 Nxd5 6. Nf3 Be6 7. Bxd5 Bxd5 8. c4 Be6 9. b4 Bxb4+ 10. Bd2 O-O 11. Bxb4 Nxb4 12. Qd2 Nxd3+ 13. Ke2 Bxc4 14. Kd1 Nxf2+ 15. Kc1 Nd3+ 16. Kc2 Qd6 17. Nc3 Nb4+ 18. Kc1 Qxd2+ 19. Kxd2 Rad8+ 20. Kc1 e4 21. Nd2 Bd3 22. Kb2 Nc6 23. Nc4 Ne5 24. Nxe5 Rd4 25. Nxd3 exd3 26. Rad1 Rb4+ 27. Ka3 Rb6 28. Rxd3 Ra6+ 29. Na4 c5 30. Rb3 b5 31. Rxb5 c4 32. Rb7 Rb6 33. Rf1 Rxb7 34. Rf3 Re7 35. Rg3 Re2 36. Rxg7+ Kxg7 37. g3 1-0

[Event "Live Chess"]
[Site "Chess.com"]
[Date "2010.12.13"]
[Round "-"]
[White "hipposcottimus"]
[Black "chiefjustice"]
[Result "0-1"]
[CurrentPosition "r2q1rk1/p1p2ppp/1p1n4/8/2p1b3/P4N2/3R1PPP/R2Q2K1 w - -"]
[Timezone "UTC"]
[ECO "C51"]
[ECOUrl "https://www.chess.com/openings/Giuoco-Piano-Game-Evans-Accepted-McDonnell-Defense-6.O-O"]
[UTCDate "2010.12.13"]
[UTCTime "04:45:34"]
[WhiteElo "1433"]
[BlackElo "1416"]
[TimeControl "300+3"]
[Termination "chiefjustice won by resignation"]
[StartTime "04:45:34"]
[EndDate "2010.12.13"]
[EndTime "04:51:18"]
[Link "https://www.chess.com/game/live/76769831"]

1. e4 e5 2. Nf3 Nc6 3. Bc4 Bc5 4. b4 Bxb4 5. c3 Bc5 6. O-O Nf6 7. d4 exd4 8. cxd4 Bb4 9. Bb2 O-O 10. Bc3 Nxe4 11. Bxb4 Nxb4 12. Re1 d5 13. a3 dxc4 14. Rxe4 Nc6 15. d5 Ne7 16. Nc3 b6 17. Rd4 Bb7 18. d6 Nf5 19. Rd2 Nxd6 20. Ne4 Bxe4 0-1

[Event "Live Chess"]
[Site "Chess.com"]
[Date "2010.12.13"]
[Round "-"]
[White "hipposcottimus"]
[Black "mariano_beatles"]
[Result "1-0"]
[CurrentPosition "7r/p2Q1pk1/5p1p/1B2p3/1P6/8/PP3PPP/R3K2R b KQ -"]
[Timezone "UTC"]
[ECO "B01"]
[ECOUrl "https://www.chess.com/openings/Scandinavian-Defense-Mieses-Kotrc-Variation-3.Nc3-Qd8-4.Nf3"]
[UTCDate "2010.12.13"]
[UTCTime "04:29:50"]
[WhiteElo "1442"]
[BlackElo "1230"]
[TimeControl "600"]
[Termination "hipposcottimus won by resignation"]
[StartTime "04:29:50"]
[EndDate "2010.12.13"]
[EndTime "04:37:03"]
[Link "https://www.chess.com/game/live/76766605"]

1. e4 d5 2. exd5 Qxd5 3. Nc3 Qd8 4. Nf3 Nc6 5. d4 Bg4 6. Be3 Bxf3 7. Qxf3 e5 8. d5 Nf6 9. Bg5 h6 10. Bxf6 gxf6 11. dxc6 bxc6 12. Qxc6+ Ke7 13. Nd5+ Qxd5 14. Qxd5 Rd8 15. Qc5+ Ke8 16. Bb5+ Rd7 17. Qxc7 Bb4+ 18. c3 Kf8 19. Qxd7 Kg7 20. cxb4 1-0

[Event "Live Chess"]
[Site "Chess.com"]
[Date "2010.12.13"]
[Round "-"]
[White "dickensian"]
[Black "hipposcottimus"]
[Result "0-1"]
[CurrentPosition "7r/2p2pp1/4p3/6k1/2P4p/3r1P2/P6P/2R1K3 w - -"]
[Timezone "UTC"]
[ECO "C10"]
[ECOUrl "https://www.chess.com/openings/French-Defense-Rubinstein-Variation"]
[UTCDate "2010.12.13"]
[UTCTime "03:34:14"]
[WhiteElo "1469"]
[BlackElo "1438"]
[TimeControl "120+12"]
[Termination "hipposcottimus won by resignation"]
[StartTime "03:34:14"]
[EndDate "2010.12.13"]
[EndTime "03:47:54"]
[Link "https://www.chess.com/game/live/76755772"]

1. d4 d5 2. e4 dxe4 3. Nc3 e6 4. f3 Bb4 5. Be3 Bxc3+ 6. bxc3 Nf6 7. fxe4 Nxe4 8. Nf3 Nxc3 9. Qd3 Nd5 10. Bd2 Nc6 11. c4 Ndb4 12. Qb3 Nxd4 13. Nxd4 Qxd4 14. Qxb4 Qxa1+ 15. Kf2 Qd4+ 16. Be3 Qe4 17. Be2 Bd7 18. Bf3 Qf5 19. Re1 Bc6 20. Ke2 Bxf3+ 21. gxf3 O-O-O 22. Bxa7 Qd3+ 23. Kf2 h5 24. Be3 h4 25. Rb1 Qc2+ 26. Ke1 Rd3 27. Qxb7+ Kd7 28. Qb5+ Ke7 29. Qc5+ Kd7 30. Rc1 Qg2 31. Qb5+ Ke7 32. Qc5+ Kf6 33. Qg5+ Qxg5 34. Bxg5+ Kxg5 0-1

[Event "Live Chess"]
[Site "Chess.com"]
[Date "2010.12.13"]
[Round "-"]
[White "knightlord"]
[Black "hipposcottimus"]
[Result "0-1"]
[CurrentPosition "6k1/p4ppp/8/N2r4/3n4/1b4P1/1P3P1P/3R2K1 w - -"]
[Timezone "UTC"]
[ECO "C20"]
[ECOUrl "https://www.chess.com/openings/Kings-Pawn-Opening-MacLeod-Attack-2...d5"]
[UTCDate "2010.12.13"]
[UTCTime "02:42:11"]
[WhiteElo "1461"]
[BlackElo "1620"]
[TimeControl "60"]
[Termination "hipposcottimus won on time"]
[StartTime "02:42:11"]
[EndDate "2010.12.13"]
[EndTime "02:44:25"]
[Link "https://www.chess.com/game/live/76745105"]

1. e4 e5 2. c3 d5 3. Qb3 Bd6 4. Nf3 Nf6 5. Bb5+ c6 6. Bd3 dxe4 7. Bxe4 Nxe4 8. O-O Nf6 9. d4 O-O 10. dxe5 Be6 11. Qxb7 Nbd7 12. exd6 Nb6 13. Qc7 Bd7 14. Qxd8 Raxd8 15. Rd1 Ne4 16. Bf4 Nd5 17. c4 Nxf4 18. g3 Ne6 19. Re1 Nxd6 20. Ne5 Nf5 21. Nc3 Bc8 22. Ne4 Nfd4 23. Rad1 Nc2 24. Rxd8 Rxd8 25. Rc1 Ncd4 26. Nxc6 Rd7 27. Nxd4 Nxd4 28. Rd1 Bb7 29. Nc3 Ba6 30. Ne4 Bxc4 31. Nc5 Rd5 32. Nb7 Bxa2 33. Na5 Bb3 0-1

[Event "Live Chess"]
[Site "Chess.com"]
[Date "2010.12.13"]
[Round "-"]
[White "hipposcottimus"]
[Black "knightlord"]
[Result "1-0"]
[CurrentPosition "8/p1p3pp/2p2p2/5N2/2k2P2/2P5/PP4PP/4N1K1 b - -"]
[Timezone "UTC"]
[ECO "B01"]
[ECOUrl "https://www.chess.com/openings/Scandinavian-Defense-Mieses-Kotrc-Variation-3.Nc3"]
[UTCDate "2010.12.13"]
[UTCTime "02:39:12"]
[WhiteElo "1615"]
[BlackElo "1466"]
[TimeControl "60"]
[Termination "hipposcottimus won on time"]
[StartTime "02:39:12"]
[EndDate "2010.12.13"]
[EndTime "02:41:09"]
[Link "https://www.chess.com/game/live/76744568"]

1. e4 d5 2. exd5 Qxd5 3. Nc3 Qe6+ 4. Be2 Nf6 5. d4 Ng4 6. d5 Qf6 7. Bxg4 Qe5+ 8. Be2 Bg4 9. Be3 Bxe2 10. Ngxe2 Na6 11. O-O Nb4 12. Bd4 Qg5 13. Ne4 Qf5 14. N2g3 Qd7 15. c3 Nc6 16. dxc6 bxc6 17. Re1 e5 18. Be3 Qxd1 19. Raxd1 Be7 20. Bc5 Bxc5 21. Nxc5 O-O 22. Nd7 Rfd8 23. Nxe5 Rxd1 24. Rxd1 Re8 25. Re1 f6 26. Nf3 Rxe1+ 27. Nxe1 Kf7 28. f4 Ke6 29. Ne2 Kd5 30. Nd4 Kc4 31. Nf5 1-0

[Event "Live Chess"]
[Site "Chess.com"]
[Date "2010.12.13"]
[Round "-"]
[White "knightlord"]
[Black "hipposcottimus"]
[Result "0-1"]
[CurrentPosition "6k1/p4pBp/8/8/2b5/P7/P2q1PPP/6K1 b - -"]
[Timezone "UTC"]
[ECO "C23"]
[ECOUrl "https://www.chess.com/openings/Bishops-Opening-2...Nc6"]
[UTCDate "2010.12.13"]
[UTCTime "02:37:33"]
[WhiteElo "1471"]
[BlackElo "1610"]
[TimeControl "60"]
[Termination "hipposcottimus won by resignation"]
[StartTime "02:37:33"]
[EndDate "2010.12.13"]
[EndTime "02:38:57"]
[Link "https://www.chess.com/game/live/76744282"]

1. e4 e5 2. Bc4 Nc6 3. Qg4 Nf6 4. Qf3 Nd4 5. Qd3 d5 6. c3 dxc4 7. cxd4 exd4 8. Qxc4 Be6 9. Qb5+ c6 10. Qxb7 Nxe4 11. Qxc6+ Bd7 12. Qxe4+ Be7 13. Qe5 O-O 14. Nf3 Re8 15. Nxd4 Bf6 16. Ne6 Rxe6 17. Qxe6 Bxe6 18. O-O Rb8 19. Na3 Be7 20. Rb1 Bxa3 21. bxa3 Rxb1 22. Bb2 Rxf1+ 23. Kxf1 Qxd2 24. Bxg7 Bc4+ 25. Kg1 0-1

[Event "Live Chess"]
[Site "Chess.com"]
[Date "2010.12.13"]
[Round "-"]
[White "hipposcottimus"]
[Black "AeJai"]
[Result "0-1"]
[CurrentPosition "8/pkn5/6N1/2Pp4/1p4p1/1P6/P2p1PPP/5K2 w - -"]
[Timezone "UTC"]
[ECO "C00"]
[ECOUrl "https://www.chess.com/openings/French-Defense-Normal-Variation"]
[UTCDate "2010.12.13"]
[UTCTime "02:33:14"]
[WhiteElo "1605"]
[BlackElo "1617"]
[TimeControl "60"]
[Termination "AeJai won on time"]
[StartTime "02:33:14"]
[EndDate "2010.12.13"]
[EndTime "02:35:23"]
[Link "https://www.chess.com/game/live/76743399"]

1. e4 e6 2. d4 c6 3. c4 b5 4. Nf3 Ba6 5. Nbd2 Qa5 6. Be2 b4 7. O-O d5 8. Nb3 Qa4 9. c5 Bxe2 10. Qxe2 Na6 11. exd5 cxd5 12. Ne5 Nh6 13. Qf3 f6 14. Bxh6 fxe5 15. Bg5 h6 16. Bh4 Be7 17. Bg3 O-O-O 18. Bxe5 Bf6 19. Bxf6 gxf6 20. Qxf6 Rdf8 21. Qe5 Qc6 22. Na5 Qc7 23. Rae1 Qxe5 24. Rxe5 Rf5 25. Rfe1 Rxe5 26. Rxe5 Nc7 27. Nc6 Kb7 28. Ne7 Re8 29. Ng6 Rg8 30. Nh4 Rg5 31. Rxg5 hxg5 32. Nf3 g4 33. Nh4 e5 34. Ng6 exd4 35. b3 d3 36. Kf1 d2 0-1

[Event "Live Chess"]
[Site "Chess.com"]
[Date "2010.12.13"]
[Round "-"]
[White "AeJai"]
[Black "hipposcottimus"]
[Result "0-1"]
[CurrentPosition "2k5/ppp3pp/8/8/8/7P/P2r2q1/R6K w - -"]
[Timezone "UTC"]
[ECO "C44"]
[ECOUrl "https://www.chess.com/openings/Ponziani-Opening-Jaenisch-Counterattack"]
[UTCDate "2010.12.13"]
[UTCTime "02:31:22"]
[WhiteElo "1609"]
[BlackElo "1613"]
[TimeControl "60"]
[Termination "hipposcottimus won by checkmate"]
[StartTime "02:31:22"]
[EndDate "2010.12.13"]
[EndTime "02:32:45"]
[Link "https://www.chess.com/game/live/76742965"]

1. e4 e5 2. Nf3 Nc6 3. c3 Nf6 4. b4 d5 5. exd5 e4 6. Ba3 exf3 7. gxf3 Nxd5 8. Qa4 Bd7 9. b5 Nb6 10. bxc6 Nxa4 11. cxd7+ Qxd7 12. Bxf8 Rxf8 13. Be2 O-O-O 14. Na3 Qxd2+ 15. Kf1 Nxc3 16. Nc4 Qxe2+ 17. Kg2 Qe6 18. Ne3 Qg6+ 19. Ng4 Nd5 20. Rhd1 f5 21. Rxd5 fxg4 22. Rxd8+ Rxd8 23. fxg4 Qxg4+ 24. Kf1 Rd2 25. h3 Qe2+ 26. Kg2 Qxf2+ 27. Kh1 Qg2# 0-1

[Event "Live Chess"]
[Site "Chess.com"]
[Date "2010.12.13"]
[Round "-"]
[White "hipposcottimus"]
[Black "Jonani"]
[Result "0-1"]
[CurrentPosition "8/8/7p/2kp4/1qp5/K7/8/1q6 w - -"]
[Timezone "UTC"]
[ECO "C00"]
[ECOUrl "https://www.chess.com/openings/French-Defense-Normal-Variation"]
[UTCDate "2010.12.13"]
[UTCTime "02:28:01"]
[WhiteElo "1605"]
[BlackElo "1490"]
[TimeControl "60"]
[Termination "Jonani won by checkmate"]
[StartTime "02:28:01"]
[EndDate "2010.12.13"]
[EndTime "02:30:21"]
[Link "https://www.chess.com/game/live/76742268"]

1. e4 e6 2. d4 Be7 3. Nf3 b6 4. e5 Bb7 5. c4 Bxf3 6. Qxf3 Nc6 7. Be3 Bb4+ 8. Nc3 Bxc3+ 9. bxc3 Na5 10. Be2 Qe7 11. O-O g6 12. d5 exd5 13. cxd5 Qxe5 14. Bf4 Qxc3 15. Rfe1 Qxf3 16. Bxf3+ Kd8 17. Be5 f6 18. Bd4 Nc4 19. Bc3 Nd6 20. Bd1 c5 21. Re3 Kc7 22. Rf3 f5 23. Bd2 Ne7 24. Bf4 Nxd5 25. Bxd6+ Kxd6 26. Rd3 Rhe8 27. Bf3 Re5 28. Kf1 Rae8 29. Rdd1 Kc6 30. Bxd5+ Rxd5 31. Rxd5 Kxd5 32. Rd1+ Kc6 33. Re1 Rxe1+ 34. Kxe1 b5 35. Ke2 c4 36. Kd2 a6 37. Kc2 a5 38. a3 Kc5 39. Kc3 d6 40. f3 b4+ 41. axb4+ axb4+ 42. Kc2 b3+ 43. Kc3 d5 44. g3 g5 45. f4 gxf4 46. g4 h6 47. gxf5 f3 48. f6 f2 49. f7 f1=Q 50. f8=Q+ Qxf8 51. h3 Qf3+ 52. Kb2 Qxh3 53. Ka3 Qd3 54. Kb2 Qd2+ 55. Ka3 b2 56. Ka4 b1=Q 57. Ka3 Qdb4# 0-1